 Dungeon Crawl Stone Soup version 0.25.1-2-g60ff931df9 (webtiles) character file.

Game seed: 9165944952642970398

44 lepoulpe303 the Ducker (level 3, 0/16 HPs)
             Began as a Spriggan Earth Elementalist on Sept 15, 2020.
             Succumbed to an adder's poison
             ... on level 2 of the Dungeon.
             The game lasted 00:03:38 (1434 turns).

lepoulpe303 the Ducker (SpEE)                       Turns: 1434, Time: 00:03:39

Health: 0/16       AC:  2    Str:  4    XL:     3   Next: 39%
Magic:  7/9        EV: 19    Int: 17    God:
Gold:   114        SH:  0    Dex: 16    Spells: 3/9 levels left

rFire    . . .     SeeInvis +   a - +0 short sword
rCold    . . .     Gourm    .   (shield restricted)
rNeg     . . .     Faith    .   c - +0 robe
rPois    .         Spirit   .   (helmet restricted)
rElec    .         Reflect  .   (no cloak)
rCorr    .         Harm     .   (gloves unavailable)
MR       .....                  (boots unavailable)
Stlth    +++.......             (no amulet)
HPRegen  0.05/turn              (no ring)
MPRegen  0.11/turn              (no ring)

@: lethally poisoned (0 -> -8), very slightly contaminated, invisible, very
quick
A: very small, unfitting armour, see invisible, herbivore, speed 3, slow
metabolism 2
a: no special abilities


You were on level 2 of the Dungeon.
You were not hungry.

You visited 1 branch of the dungeon, and saw 2 of its levels.

You collected 114 gold pieces.

Inventory:

Hand Weapons
 a - a +0 short sword (weapon)
Missiles
 Q - 45 stones (quivered)
Armour
 c - a +0 robe (worn)
Jewellery
 d - a cursed amulet of inaccuracy {unknown}
 g - an uncursed amulet of faith {unknown}
Comestibles
 e - 2 rations


   Skills:
 + Level 3.5 Dodging
 + Level 3.5 Stealth
 * Level 3.5 Spellcasting
 - Level 1.3 Transmutations
 * Level 3.2 Earth Magic


You had 3 spell levels left.
You knew the following spells:

 Your Spells              Type           Power        Failure   Level  Hunger
a - Sandblast             Erth           ##....       4%          1    None
w - Passwall              Tmut/Erth      ##......     10%         2    ##.....
x - Stone Arrow           Conj/Erth      #.....       26%         3    ###....

Your spell library contained the following spells:

 Spells                   Type           Power        Failure   Level  Hunger
 Petrify                  Tmut/Erth      ##......     54%         4    ####...
 Lee's Rapid Deconstruct  Erth           ##........   77%         5    ######.


Dungeon Overview and Level Annotations

Branches:
Dungeon (2/15)

Altars:


Innate Abilities, Weirdness & Mutations

You are very small and have problems with some larger weapons.
You are too small for most types of armour.
You have supernaturally acute eyesight. (SInv)
You are a herbivore.
You cover ground extremely quickly.
You need to consume almost no food.


Message History

You now have 6/9 mp.
* * * LOW HITPOINT WARNING * * *
You feel sick.
You take 1 damage, and have 4/16 hp.
It was a potion of invisibility.
You fade into invisibility!
* * * LOW HITPOINT WARNING * * *
You feel sick.
You are very lightly contaminated with residual magic.
You take 1 damage, and have 3/16 hp.
* * * LOW HITPOINT WARNING * * *
You feel sick.
You take 1 damage, and have 2/16 hp.
* * * LOW HITPOINT WARNING * * *
You feel sick.
You take 1 damage, and have 1/16 hp.
There is a stone staircase leading up here.
* * * LOW HITPOINT WARNING * * *
You feel sick.
You die...

.....# ..... g...
#..# #†# ##########
#.## #........#
##..####<######.##
....g......<.....###
.##..###.#.####.@..#
.###.###.#.......#.#
.......#.#..######.#
#####..#.#..# #.#
......>#.#..# #.#
.#.###.#.#..# #.#
.......#.#^.# #.#
.#######.#..### #.#
.........#....# #.#


There were no monsters in sight!

Levels and vault maps discovered:
D:1:      dpeg_arrival_central, layout_loops_ring
D:2:      wander_river, layout_basic, amethyst_overflow_temple_binary,
          first_ration, uniq_jessica, uniq_robin

Notes
Turn   | Place    | Note
-------+----------+-------------------------------------------
     0 | D:1      | lepoulpe303 the Spriggan Earth Elementalist began the quest
                  | for the Orb.
     0 | D:1      | Reached XP level 1. HP: 9/9 MP: 5/5
    72 | D:1      | Identified a +0 short sword
   121 | D:1      | Reached skill level 3 in Spellcasting
   166 | D:1      | Reached XP level 2. HP: 12/13 MP: 5/7
   441 | D:1      | Identified a +0 club
   448 | D:1      | Reached skill level 3 in Earth Magic
   462 | D:1      | Learned a level 2 spell: Passwall
   523 | D:1      | Identified a +0 club
   554 | D:1      | Identified a +0 club
   794 | D:1      | Reached XP level 3. HP: 13/16 MP: 8/8
   799 | D:1      | Learned a level 3 spell: Stone Arrow
  1066 | D:2      | Identified a scroll of blinking
  1067 | D:2      | Identified a scroll of teleportation
  1121 | D:2      | Identified a +0 club
  1420 | D:2      | HP: 4/16 [poisoned by an adder]
  1421 | D:2      | Identified a potion of invisibility
  1427 | D:2      | HP: 1/16 [poisoned by an adder]
  1434 | D:2      | Succumbed to an adder's poison

Table legend:
 A = Turns spent in this place as a percentage of turns spent in the entire game.
 B = Non-inter-level travel turns spent in this place as a percentage of non-inter-level travel turns spent in the entire game.
 C = Inter-level travel turns spent in this place as a percentage of turns spent in this place.
 D = Turns resting spent in this place as a percentage of non-inter-level travel turns spent in this place.
 E = Turns spent auto-exploring this place as a percentage of non-inter-level travel turns spent in this place.
 F = Non-inter-level travel turns spent in this place divided by the number of levels of this place that you've seen.
                   A       B       C       D       E      F
               +-------+-------+-------+-------+-------+----------------------
         Total | 100.0 | 100.0 |   2.5 |  32.7 |  46.6 | 699.0
       Dungeon | 100.0 | 100.0 |   2.5 |  32.7 |  46.6 | 699.0
               +-------+-------+-------+-------+-------+----------------------

Table legend:
 A = Kills in this place as a percentage of kills in entire the game.
 B = Kills by you in this place as a percentage of kills by you in the entire game.
 C = Kills by friends in this place as a percentage of kills by friends in the entire game.
 D = Other kills in this place as a percentage of other kills in the entire game.
 E = Experience gained in this place as a percentage of experience gained in the entire game.
 F = Experience gained in this place divided by the number of levels of this place that you have seen.
                   A       B       C       D       E      F
               +-------+-------+-------+-------+-------+----------------------
         Total | 100.0 | 100.0 |   N/A |   N/A | 100.0 |  31.5
       Dungeon | 100.0 | 100.0 |   N/A |   N/A | 100.0 |  31.5
               +-------+-------+-------+-------+-------+----------------------

Skill      XL: |  1  2 |
---------------+-------+-----
Spellcasting   | 3 |  3.5
Earth Magic    | 3 |  3.2
Dodging        | |  3.5
Stealth        | |  3.5
Transmutations | |  1.3

Action                   || total
-------------------------++-------
Melee: Short sword       ||   119
       Unarmed           ||     1
 Cast: Sandblast         ||    13
  Use: Scroll            ||     2
       Potion            ||     1
 Stab: Sleeping          ||     3
Armor: Robe              ||    13
Dodge: Dodged            ||   124

Vanquished Creatures
  An adder (D:2)
  A worm (D:2)
  3 dart slugs (D:1)
  5 bats (D:1)
  3 goblins
  2 hobgoblins
  4 jackals (D:1)
  3 frilled lizards (D:1)
  3 kobolds (D:1)
  2 rats (D:1)
27 creatures vanquished.
